 Dungeon Sprint DCSS version 0.22-a0-858-g985ef60 (webtiles) character file.

126 Kidiri the Sneak (level 4, -5/20 HPs)
             Began as a Spriggan Enchanter on July 27, 2018.
             Slain by a neqoxec (7 damage)
             ... in the Dungeon (Sprint II: "The Violet Keep of Menkaure").
             The game lasted 00:01:32 (107 turns).

Kidiri the Sneak (Spriggan Enchanter)                Turns: 107, Time: 00:01:32

Health: -5/20      AC:  2    Str:  4      XL:     4   Next: 83%
Magic:  2/12       EV: 22    Int: 13 (17) God:
Gold:   243        SH:  0    Dex: 16      Spells: 1/13 levels left

rFire    . . .     SeeInvis +   a - +1 dagger
rCold    . . .     Gourm    .   (shield restricted)
rNeg     . . .     Faith    .   b - +0 robe
rPois    .         Spirit   .   (helmet restricted)
rElec    .         Reflect  .   (no cloak)
rCorr    .         Harm     .   (gloves unavailable)
MR       .....     NoTele   +   (boots unavailable)
Stlth    ++++......             (no amulet)
HPRegen  0.06/turn              (no ring)
MPRegen  0.13/turn              (no ring)

@: very slightly contaminated, very quick
A: very small, unfitting armour, see invisible, herbivore, speed 3, frail 1,
slow metabolism 2
a: no special abilities


You were in the Dungeon.
You were not hungry.

You visited 1 branch You collected 243 gold pieces.

Inventory:

Hand Weapons
 a - a +1 dagger (weapon)
Armour
 b - a +0 robe (worn)
Scrolls
 j - a scroll of blinking
Potions
 e - a potion of curing
 f - a potion of heal wounds
 g - a potion of haste
 h - 2 potions of magic
Comestibles
 d - a ration


   Skills:
 + Level 2.0 Fighting
 * Level 4.2 Short Blades
 + Level 1.7 Armour
 * Level 6.4 Dodging
 * Level 7.8 Stealth
 * Level 5.4 Spellcasting
 + Level 4.9 Hexes
 + Level 1.6 Ice Magic


You had one spell level left.
You knew the following spells:

 Your Spells              Type           Power        Failure   Level  Hunger
a - Corona                Hex            ###....      2%          1    None
b - Ensorcelled Hibernat  Hex/Ice        ##....       7%          2    ##.....
c - Confuse               Hex            ###.....     7%          3    ###....
d - Tukima's Dance        Hex            ###.....     7%          3    ###....
e - Dazzling Spray        Conj/Hex       #.....       21%         3    ###....

Your spell library contained the following spells:

 Spells                   Type           Power        Failure   Level  Hunger


Dungeon Overview and Level Annotations

Branches:
Dungeon (1/1)

Altars:

Shops:
D !?

Annotations:
D exclusion: 6 doors


Innate Abilities, Weirdness & Mutations

You are very small and have problems with some larger weapons.
You are too small for most types of armour.
You have supernaturally acute eyesight. (SInv)
You are a herbivore.
You cover ground extremely quickly.
You need to consume almost no food.
You are frail. (-10% HP)


Message History

The neqoxec gestures.
The neqoxec gestures at you.
Strange energies course through your body.
You hit the neqoxec but do no damage.
The neqoxec is lightly wounded.
The walls and floor vibrate strangely for a moment.
You hit the neqoxec.
The neqoxec is lightly wounded.
The neqoxec completely misses you.
You hit the neqoxec but do no damage.
The neqoxec is lightly wounded.
The neqoxec misses you.
You completely miss the neqoxec.
The neqoxec is lightly wounded.
The neqoxec gestures at you.
Something tries to feed on your intellect!
The neqoxec closely misses you.
You hit the neqoxec but do no damage.
The neqoxec is lightly wounded.
The neqoxec hits you!
You die...

§§§8§.§§§#
.§§§§§§ # .§§§
###≈≈#+++#+++##
##≈≈≈.........#
.#≈≈≈≈.##+##..#
.#≈≈≈≈###..## #
.#≈≈≈≈#†##††#
.#≈≈# ##@#.##
∩#≈##. ##3##
.#≈ #..##3## ∩+
#3'355+ #.##3##
#. #+# #


You could see 3 neqoxecs, a white imp and a shadow imp.

Vanquished Creatures
  Menkaure (D)
  3 worms (D)
4 creatures vanquished.

Notes
Turn   | Place    | Note
-------+----------+-------------------------------------------
     0 | D        | Kidiri the Spriggan Enchanter began the quest for the Orb.
     0 | D        | Reached XP level 1. HP: 9/9 MP: 5/5
    16 | D        | Reached skill level 5 in Stealth
    17 | D        | Reached XP level 2. HP: 14/14 MP: 7/7
    25 | D        | Learned a level 2 spell: Ensorcelled Hibernation
    25 | D        | Noticed an obsidian statue
    27 | D        | Noticed Menkaure
    28 | D        | Found Lucipsy's Distillery.
    28 | D        | Found Osuamoth's Magic Scroll Emporium.
    39 | D        | Killed Menkaure
    39 | D        | Reached skill level 1 in Armour
    39 | D        | Reached skill level 7 in Stealth
    39 | D        | Reached skill level 5 in Spellcasting
    39 | D        | Reached skill level 1 in Ice Magic
    39 | D        | Reached XP level 3. HP: 18/18 MP: 6/10
    39 | D        | Reached XP level 4. HP: 23/23 MP: 7/12
    49 | D        | Learned a level 3 spell: Confuse
    53 | D        | Learned a level 3 spell: Tukima's Dance
    57 | D        | Learned a level 3 spell: Dazzling Spray
    85 | D        | Noticed a neqoxec
    85 | D        | Noticed a neqoxec
    85 | D        | Noticed a neqoxec
    85 | D        | Noticed a neqoxec
    94 | D        | Gained mutation: You are frail. (-10% HP) [a neqoxec]
   107 | D        | Slain by a neqoxec

Vault maps used:
D:        the_violet_keep_of_menkaure

Skill      XL: |  1  2 |
---------------+-------+-----
Spellcasting   | 3 5 |  5.4
Short Blades   | 2 4 |  4.2
Stealth        | 5 7 |  7.8
Fighting       | 2 |  2.0
Armour         | 1 |  1.7
Dodging        | 6 |  6.4
Hexes          | 4 |  4.9
Ice Magic      | 1 |  1.6

Action                   |  1- 3 |  4- 6 || total
-------------------------+-------+-------++-------
Melee: Dagger            |     8 |    13 ||    21
 Cast: Corona            |     1 |       ||     1
       Ensorcelled Hiber |       |     2 ||     2
       Confuse           |       |     1 ||     1
       Dazzling Spray    |       |     1 ||     1
  Use: Potion            |     1 |       ||     1
 Stab: Sleeping          |     3 |       ||     3
Dodge: Dodged            |     4 |     8 ||    12

Table legend:
 A = Spawn XP
 B = Non-spawn XP
 C = Spawn XP percentage of total XP
 D = Spawn monster count
 E = Non-spawn monster count
 F = Spawn count percentage of total count
 G = Total turns spent on level
                    A         B        C        D         E        F      G
               +---------+---------+-------+---------+---------+-------+---------
         Total |       0 |     180 |   0.0 |       0 |       4 |   0.0 |   107
               +---------+---------+-------+---------+---------+-------+---------
             D |       0 |     180 |   0.0 |       0 |       4 |   0.0 |   107
               +---------+---------+-------+---------+---------+-------+---------
